 Dungeon Crawl Stone Soup version 0.29.0-4-gdea44cf6ec (webtiles) character file.

Game seed: 17565106252211243745

53 qw the Ruffian (level 3, -4/36 HPs)
             Began as a Troll Cinder Acolyte on Sept 1, 2022.
             Was a High Priest of Ignis.
             Killed from afar by Robin (11 damage)
             ... with a bolt of light
             ... on level 2 of the Dungeon.
             The game lasted 00:00:48 (1004 turns).

qw the Ruffian (Troll Cinder Acolyte)               Turns: 1004, Time: 00:00:49

Health: -4/36      AC: 11    Str: 24    XL:     3   Next: 64%
Magic:  3/3        EV:  9    Int: 10    God:    Ignis [*****.]
Gold:   67         SH:  0    Dex:  5    Spells: 4/4 levels left

rFire   + . .      SeeInvis .     - Unarmed
rCold   . . .      Faith    .   (no shield)
rNeg    . . .      Spirit   .   a - +0 robe
rPois   .          Reflect  .   (helmet restricted)
rElec   .          Harm     .   (no cloak)
rCorr   .          Rampage  .   (gloves unavailable)
Will    .....                   (boots unavailable)
Stlth   +.........              (no amulet)
HPRegen 0.92/turn               (no ring)
MPRegen 0.08/turn               (no ring)

@: fiery-armoured
A: large, unfitting armour, claws 3, regeneration 1, shaggy fur 1, tough skin 1
a: Renounce Religion, Fiery Armour, Foxfire Swarm, Rising Flame


You were on level 2 of the Dungeon.
You worshipped Ignis.
Ignis was extremely pleased with you.
You visited 1 branch of the dungeon, and saw 2 of its levels.

You collected 67 gold pieces.


Innate Abilities, Weirdness & Mutations

You are too large for most types of armour.
You have claws for hands.
Your natural rate of healing is unusually fast.
You are covered in fur. (AC +1)
You have tough skin. (AC +1)


   Skills:
 - Level 2.4 Fighting
 + Level 4.7 Unarmed Combat
 - Level 1.0 Spellcasting
 - Level 2.1 Fire Magic


You had 4 spell levels left.
You didn't know any spells.
Your spell library contained the following spells:

 Spells                   Type           Power      Damage    Failure   Level
 Scorch                   Fire           8%         2d5       22%         2

Inventory:

Armour
 a - a +0 robe (worn)
Scrolls
 b - a scroll of fog {unknown}
 d - a scroll of enchant weapon {unknown}
 e - a scroll of immolation {unknown}
Potions
 c - a potion of mutation {unknown}
 f - 2 potions of attraction {unknown}
 g - a potion of brilliance {unknown}

Dungeon Overview and Level Annotations

Branches:
Dungeon (2/15)

Altars:

Annotations:
D:2 Robin


Message History

986 ||| Stepping ~*~*~tactically~*~*~ (stealth).
A goblin comes into view. It is wielding a +0 club.
The goblin shouts!
Robin of the Strong Arm comes into view.
They are wielding a +0 mace and carrying a wand of light (7).
989 ||| Stepping ~*~*~tactically~*~*~ (stealth).
Robin and a goblin come into view.
Robin is wielding a +0 mace and carrying a wand of light (7).
The goblin shouts!
991 ||| Stepping ~*~*~tactically~*~*~ (hiding).
You barely miss the goblin. The goblin barely misses you.
You closely miss the goblin. You barely miss the goblin.
Robin roars a battlecry!
The goblins go into a battle-frenzy!
The goblin hits you but does no damage. The goblin closely misses you.
You barely miss the goblin. The goblin misses you.
The goblin barely misses you.
You claw the goblin!
You kill the goblin!
The goblin hits you with a +0 club.
You barely miss the goblin. The goblin closely misses you.
You claw the goblin!
You kill the goblin!
Robin throws the goblin at you! The goblin hits you with a +0 club.
You barely miss the goblin.
Robin zaps a wand.
The bolt of light hits you! The goblin closely misses you.
1002 ||| INVOKING Fiery Armour.
A protective cloak of flame settles atop you.
Robin zaps a wand.
The bolt of light hits you!
You are confused.
The goblin hits you with a +0 club.
The goblin is burned by your cloak of flames.
You kill the goblin!
Things that are here:
a +0 club; a +0 sling You feel less confused.
Robin zaps a wand.
The bolt of light hits you!
You die...

..................
.###..............
.................
#.......<........
####.............
#..............
####..#...........
###.)g..###.....#...
##.)@###.# ##)#####.#
#..####.. #...###.# #.##
#.#####.#[..... ##.#
##.##.....#..... ###..#
#..#............ #...##
##.#.............
#.######..#.............
##........##.............
#........###.............


You could see Robin.

Vanquished Creatures
  A dart slug (D:1)
  7 ball pythons
  3 endoplasms (D:1)
  A giant cockroach (D:1)
  12 goblins
  4 hobgoblins
  3 kobolds
  3 quokkas (D:1)
  4 bats (D:1)
  2 frilled lizards (D:1)
  3 rats (D:1)
43 creatures vanquished.

Notes
Turn   | Place    | Note
-------+----------+-------------------------------------------
     0 | D:1      | qw the Troll Cinder Acolyte began the quest for the Orb.
     0 | D:1      | Reached XP level 1. HP: 22/22 MP: 1/1
     0 | D:1      | 0 ||| qw: Version: 0.1-a-97-g2dd2ca4
     0 | D:1      | 0 ||| qw: Game counter: 4713
     0 | D:1      | 0 ||| qw: Always use a shield: true
     0 | D:1      | 0 ||| qw: God list: Okawaru
     0 | D:1      | 0 ||| qw: Allow faded altars: false
     0 | D:1      | 0 ||| qw: Do Orc after D:15 true
     0 | D:1      | 0 ||| qw: Do second Lair branch before Depths: true
     0 | D:1      | 0 ||| qw: Lair rune preference: random
     0 | D:1      | 0 ||| qw: Plans: Normal
     0 | D:1      | 0 ||| PLANNING D:1-11
    48 | D:1      | 48 ||| Stepping ~*~*~tactically~*~*~ (stealth).
    54 | D:1      | 54 ||| Stepping ~*~*~tactically~*~*~ (stealth).
    55 | D:1      | 55 ||| Stepping ~*~*~tactically~*~*~ (stealth).
    56 | D:1      | 56 ||| Stepping ~*~*~tactically~*~*~ (outnumbered).
    57 | D:1      | 57 ||| Stepping ~*~*~tactically~*~*~ (outnumbered).
    58 | D:1      | 58 ||| Stepping ~*~*~tactically~*~*~ (outnumbered).
   169 | D:1      | Reached XP level 2. HP: 29/29 MP: 2/2
   290 | D:1      | Reached skill level 4 in Unarmed Combat
   320 | D:1      | 320 ||| Stepping ~*~*~tactically~*~*~ (stealth).
   457 | D:1      | Reached XP level 3. HP: 36/36 MP: 3/3
   600 | D:1      | 600 ||| READING scroll labelled RAOHUI WIGG.
   701 | D:1      | 701 ||| READING scroll labelled FOESKA HERAA.
   702 | D:1      | 702 ||| READING scroll labelled GUWNIO NUAPP.
   705 | D:1      | 705 ||| READING scroll labelled GYBAMU BOLAACU.
   719 | D:2      | 719 ||| STAIRDANCE
   727 | D:2      | 727 ||| STAIRDANCE
   803 | D:2      | 803 ||| Stepping ~*~*~tactically~*~*~ (stealth).
   804 | D:2      | 804 ||| Stepping ~*~*~tactically~*~*~ (stealth).
   835 | D:2      | 835 ||| Stepping ~*~*~tactically~*~*~ (stealth).
   907 | D:2      | 907 ||| Stepping ~*~*~tactically~*~*~ (stealth).
   923 | D:2      | 923 ||| Stepping ~*~*~tactically~*~*~ (stealth).
   986 | D:2      | 986 ||| Stepping ~*~*~tactically~*~*~ (stealth).
   988 | D:2      | Noticed Robin
   989 | D:2      | 989 ||| Stepping ~*~*~tactically~*~*~ (stealth).
   991 | D:2      | 991 ||| Stepping ~*~*~tactically~*~*~ (hiding).
  1002 | D:2      | 1002 ||| INVOKING Fiery Armour.
  1002 | D:2      | HP: 8/36 [Robin/bolt of light (10)]
  1004 | D:2      | Killed from afar by Robin

Levels and vault maps discovered:
D:1:      scummos_arrival_checkerplants, layout_basic, serial_curves,
          eino_curves_03, eino_curves_04, minmay_pentomino_s2
D:2:      layout_rooms, st_stairs_12, uniq_robin

Skill      XL: |  1  2 |
---------------+-------+-----
Unarmed Combat | 4 |  4.7
Fighting       | |  2.4
Spellcasting   | |  1.0
Fire Magic     | |  2.1

Action                   || total
-------------------------++-------
Melee: Unarmed           ||   108
       Punch             ||     3
Invok: Fiery Armour      ||     1
  Use: Scroll            ||     4
Armor: Robe              ||    28
Dodge: Dodged            ||    56

Table legend:
 A = Non-vault XP
 B = Vault XP
 C = Vault XP percentage of total XP
 D = Non-vault monster count
 E = Vault monster count
 F = Vault count percentage of total count
                 A         B        C        D         E       F
            +---------+---------+-------+---------+---------+-------
      Total |      55 |      22 |  28.6 |      31 |      12 |  27.9
            +---------+---------+-------+---------+---------+-------
        D:1 |      47 |       3 |   6.0 |      26 |       2 |   7.1
        D:2 |       8 |      19 |  70.4 |       5 |      10 |  66.7
            +---------+---------+-------+---------+---------+-------
